 Dungeon Crawl Stone Soup version 0.31.0-2-g5a2aebc5c2 (webtiles) character file.

Game seed: 8019545869353752106

43 quinnr the Conjurer (level 3, -1/16 (19) HPs)
             Began as a Tengu Air Elementalist on Jan 20, 2024.
             Slain by a goblin
             ... wielding a +2 dagger of draining
             ... led by Robin
              (3 damage)
             ... on level 2 of the Dungeon.
             The game lasted 00:04:42 (2062 turns).

quinnr the Conjurer (Tengu Air Elementalist)        Turns: 2062, Time: 00:04:44

HP:   -1/16 (19)    AC:  2    Str:  8    XL:     3   Next: 58%
MP:   6/7           EV: 27    Int: 17    God:
Gold: 137           SH:  0    Dex: 14    Spells: 5/6 levels left

rFire   . . .        (no weapon)
rCold   . . .        (no shield)
rNeg    . . .        a - +0 robe
rPois   .            (helmet restricted)
rElec   .            (no cloak)
rCorr   .            (no gloves)
SInv    .            (boots unavailable)
Will    .....        (no amulet)
Stlth   ++           (no ring)
HPRegen 0.22/turn    (no ring)
MPRegen 0.10/turn

%: acrobat
@: acrobatic, heavily drained
A: beak, talons 3, acrobatic
a: no special abilities


You were on level 2 of the Dungeon.
You visited 1 branch of the dungeon, and saw 3 of its levels.

You collected 137 gold pieces.

Inventory:

Armour
 a - a +0 robe (worn)
Jewellery
 c - an amulet of guardian spirit
Scrolls
 d - a scroll of brand weapon {unknown}
 e - 2 scrolls of identify {unknown}
 f - 2 scrolls of fog {unknown}
Potions
 b - a potion of magic
 g - a potion of enlightenment {unknown}
 h - a potion of curing {unknown}


   Skills:
 + Level 0.2 Fighting
 - Level 2.1 Dodging
 - Level 2.0 Stealth
 - Level 2.0 Spellcasting
 + Level 4.4 Conjurations
 - Level 4.0 Air Magic


You had 5 spell levels left.
You knew the following spells:

 Your Spells              Type           Power      Damage    Failure   Level
a - Shock                 Conj/Air       64%        1d7       3%          1

Your spell library contained the following spells:

 Spells                   Type           Power      Damage    Failure   Level
 Static Discharge         Conj/Air       32%        3-5/arc   5%          2
 Swiftness                Air            15%        N/A       11%         3
 Airstrike                Air            7%         2d(2-18)  36%         4


Dungeon Overview and Level Annotations

Branches:
Dungeon (3/15)

Altars:

Annotations:
D:2 Robin


Innate Abilities, Weirdness & Mutations

You have a beak for a mouth.
You have claws for feet.
You can magically evade attacks while moving or waiting.


Message History

Okay, then.
Casting: Shock (safe; 3% risk of failure)
Confirm with . or Enter, or press ? or * to list all spells.
Okay, then.
Casting: Shock (safe; 3% risk of failure)
Confirm with . or Enter, or press ? or * to list all spells.
Aiming: Shock (safe; 3% risk of failure)
Press: ? - help, Shift-Dir - straight line, f/p - goblin
Aim: a goblin, wielding a +2 dagger of draining (strong, 64% to hit)
The zap hits the goblin!
You kill the goblin!
The zap hits the goblin.
The goblin is heavily wounded.
The goblin unwields a +2 dagger of draining.
The goblin wields a +0 sling.
The goblin shoots a sling bullet.
The sling bullet closely misses you.
The sling bullet closely misses Robin.
Unknown command.
Unknown command.
The goblin unwields a +0 sling.
The goblin wields a +2 dagger of draining.
You sense an unholy aura.
The goblin completely misses you.
There is a stone staircase leading up here.
You see here a +0 dagger.
Robin hits you with a +0 falchion.
You climb upwards.
There is a stone staircase leading down here.
Unknown command.
The goblin hits you with a +2 dagger of draining.
You feel drained. Robin misses you. The goblin completely misses you.
The goblin unwields a +2 dagger of draining.
The goblin wields a +0 sling.
The goblin shoots a sling bullet.
The sling bullet completely misses you. Robin throws the goblin at you!
The goblin unwields a +0 sling.
The goblin wields a +2 dagger of draining.
You sense an unholy aura.
The goblin hits you with a +2 dagger of draining!
* * * LOW HITPOINT WARNING * * *
You feel drained.
You die...

.#.......####....#
.####....# ##..##
.####....# #..#
.........# #..# ###
.........# #..###.####
......########......<..#
......## #...##.....##.#
.......###...##..g.....#
.....)..........@..#####
.............#####..##
###.......##### #.g>#
..##..........# ###.#
..####...#########...##
..............#.......#
.....#..#####.#.####..#
.###.#..# #.#.####..#
........# #.........#


You could see Robin and a goblin (strong).

Vanquished Creatures
  A dart slug (D:1)
  2 ball pythons (D:1)
  2 endoplasms
  2 giant cockroaches
  5 goblins
  5 hobgoblins
  2 jackals (D:1)
  7 kobolds
  A quokka (D:1)
  4 bats
  2 frilled lizards
  4 rats
37 creatures vanquished.

Notes
Turn   | Place    | Note
-------+----------+-------------------------------------------
     0 | D:1      | quinnr the Tengu Air Elementalist began the quest for the
                  | Orb.
     0 | D:1      | Reached XP level 1. HP: 10/10 MP: 4/4
   274 | D:1      | Found a faded altar of an unknown god.
   384 | D:1      | Reached XP level 2. HP: 15/15 MP: 1/6
  1037 | D:1      | Reached XP level 3. HP: 19/19 MP: 0/7
  1950 | D:3      | Noticed Robin
  2062 | D:2      | Slain by a goblin

Illustrated notes

Levels and vault maps discovered:
D:1:      eino_arrival_water_star, layout_basic,
          shapermc_ecumenical_altar_acropolis
D:2:      layout_basic
D:3:      layout_loops_ring, nicolae_overflow_quartered_altars, serial_shops,
          shop, kennysheep_generic_room_12, uniq_natasha, uniq_robin

Skill      XL: |  1  2  3 |
---------------+----------+-----
Conjurations   | 2 3 4 |  4.4
Fighting       | |  0.2
Dodging        | |  2.1
Stealth        | |  2.0
Spellcasting   | |  2.0
Air Magic      | |  4.0

Action                     || total
---------------------------++-------
   Cast: Shock             ||    82
 Armour: Robe              ||    13
  Dodge: Dodged            ||    30

Levels and vault maps discovered:
D:1:      eino_arrival_water_star, layout_basic,
          shapermc_ecumenical_altar_acropolis
D:2:      layout_basic
D:3:      layout_loops_ring, nicolae_overflow_quartered_altars, serial_shops,
          shop, kennysheep_generic_room_12, uniq_natasha, uniq_robin
